 Dungeon Sprint DCSS version 0.22-a0-567-gff9aefc (webtiles) character file.

12063 emperorscorpion the Impaler (level 11, -2/120 HPs)
             Began as a Naga Berserker on June 29, 2018.
             Was a High Priest of Trog.
             Slain by an ice devil (14 damage)
             ... summoned by an orc high priest
             ... in the Dungeon (Sprint IX: "|||||||||||||||||||||||||||||") on June 30, 2018.
             The game lasted 00:10:14 (2362 turns).

emperorscorpion the Impaler (Naga Berserker)        Turns: 2362, Time: 00:10:14

Health: -2/120     AC: 13    Str: 25    XL:     11   Next: 87%
Magic:  11/11      EV: 12    Int:  8    God:    Trog [*****.]
Gold:   1511       SH:  0    Dex: 11    Spells: 10/10 levels left

rFire    . . .     SeeInvis +   a - +4 bardiche (vamp)
rCold    . . .     Gourm    .   (shield currently unavailable)
rNeg     . . .     Faith    .   q - +1 scale mail
rPois    +         Spirit   .   (no helmet)
rElec    .         Reflect  .   (no cloak)
rCorr    .         Harm     .   H - +0 pair of gloves
MR       +....     NoTele   +   (no barding)
Stlth    +.........             (no amulet)
HPRegen  0.30/turn              r - +2 ring of protection
MPRegen  0.12/turn              s - +3 ring of strength

@: berserk cooldown, slowed, very slow
A: large, see invisible, deformed body, poison resistance, slowness 2, slow
metabolism 1, spit poison 1, AC +3
a: Spit Poison, Berserk, Trog's Hand, Brothers in Arms, Renounce Religion


You were in the Dungeon.
You worshipped Trog.
Trog was extremely pleased with you.
You were very hungry.

You visited 1 branch You collected 1511 gold pieces.

Inventory:

Hand Weapons
 a - a +4 vampiric bardiche (weapon)
 b - a +4 quarterstaff of speed
 n - a +0 spear
 o - a +2 morningstar of protection
 v - a +1 antimagic halberd
 D - a +2 halberd of protection
 E - the +3 bardiche of Checkmate {chop, MR+ Str+5 Dex+5}
   (Trog gifted it to you in the Dungeon)

   It inflicts extra damage upon your enemies.
   It affects your strength (+5).
   It affects your dexterity (+5).
   It affects your resistance to hostile enchantments.
 G - a +3 antimagic glaive
 K - a +2 antimagic glaive
Missiles
 t - 4 poisoned tomahawks (quivered)
 u - 2 tomahawks of returning
 y - 9 poisoned needles
 C - 7 tomahawks
 I - 5 javelins
Armour
 q - a +1 scale mail (worn)
 H - a +0 pair of gloves (worn)
Magical Staves
 m - an uncursed staff of energy
Jewellery
 r - a +2 ring of protection (left hand)
 s - a +3 ring of strength (right hand)
Wands
 l - a wand of acid (7)
 A - a wand of random effects (24)
Scrolls
 i - 2 scrolls of blinking
 k - 5 scrolls of remove curse
 B - 4 scrolls of enchant armour
Potions
 d - 5 potions of curing
 e - 5 potions of heal wounds
 f - a potion of haste
 g - 4 potions of magic
 h - a potion of berserk rage
 j - a potion of invisibility
 p - a potion of brilliance
 w - a potion of resistance
 x - a potion of might
 z - a potion of mutation
 J - a potion of flight
Comestibles
 c - 10 rations


   Skills:
 + Level 14.1 Fighting
 + Level 19.1 Polearms
 + Level 10.2 Armour
 + Level 8.9 Dodging
 + Level 3.0 Stealth
 + Level 0.5 Evocations


You had 10 spell levels left.
You didn't know any spells.
Your spell library was empty.

Dungeon Overview and Level Annotations

Branches:
Dungeon (1/1)

Altars:
Cheibriados
Dithmenos
Elyvilon
Fedhas
Gozag
Hepliaklqana
Kikubaaqudgha
Makhleb
Nemelex Xobeh
Okawaru
Qazlal
Ru
Sif Muna
Trog
Uskayaw
Vehumet
Wu Jian
Xom
Yredelemnul
Zin
The Shining One
Beogh
Jiyva
Lugonu

Shops:
D %?=[


Innate Abilities, Weirdness & Mutations

You cannot wear boots.
Your serpentine skin is tough. (AC +3)
You have supernaturally acute eyesight. (SInv)
Armour fits poorly on your strangely shaped body.
Your system is resistant to poisons. (rPois)
You cover ground very slowly.
You have a slow metabolism.
You can spit poison.


Message History

The ice devil is lightly wounded.
The orc high priest hits you but does no damage.
The ice devil hits you.
* * * LOW HITPOINT WARNING * * *
The ice devil freezes you!
* * * LOW HITPOINT WARNING * * *
Attack whom?
Press: ? - help, Dir - move target cursor, f/p - orc high priest
Aim: an orc high priest, wielding a trident (severely wounded)
The ice devil is in the way.
You closely miss the ice devil.
The ice devil is lightly wounded.
The sun demon disappears in a puff of smoke!
The orc high priest closely misses you.
The ice devil hits you but does no damage.
The orc high priest utters an invocation to Beogh.
The orc high priest mumbles some strange prayers to Beogh.
The orc high priest is healed somewhat.
The ice devil hits you.
* * * LOW HITPOINT WARNING * * *
The ice devil freezes you!
You die...

▓▓▓▓▓▓▓▓▓▓▓▓▓▓▓▓▓▓▓▓▓▓▓▓
o.o3oo4@∩$)).)')...))...
▓▓▓▓▓▓▓▓▓▓▓▓▓▓▓▓▓▓▓▓▓▓▓▓▓▓▓▓▓▓▓▓▓
.................................
▓▓▓▓▓▓▓▓▓▓▓▓▓▓▓▓▓▓▓▓▓▓▓▓▓▓▓▓▓▓▓▓▓
'..[[.[..'.(.........÷'.........'
▓▓▓▓▓▓▓▓▓▓▓▓▓▓▓▓▓▓▓▓▓▓▓▓▓▓▓▓▓▓▓▓▓
.................................
▓▓▓▓▓▓▓▓▓▓▓▓▓▓▓▓▓▓▓▓▓▓▓▓▓▓▓▓▓▓▓▓▓
....)[......'..[[.).?.'__________


You could see 4 orc high priests, an ice devil and a smoke demon.

Vanquished Creatures
  Gastronok (D)
  A hydra (D)
  2 orc high priests (D)
  Urug (D)
  An unseen horror (D)
  2 lindwurms (D)
  An orc knight (D)
  2 spiny frogs (D)
  2 komodo dragons (D)
  A polar bear (D)
  A troll (D)
  A tyrant leech (D)
  3 hippogriffs (D)
  Grum (D)
  3 water moccasins (D)
  A porcupine (D)
  10 orc warriors (D)
  An eye of draining (D)
  An ice beast (D)
  A phantom (D)
  A sky beast (D)
  4 wolves (D)
  A centaur (D)
  A crocodile (D)
  A big kobold (D)
  6 bullfrogs (D)
  A quasit (D)
  5 orc priests (D)
  6 orc wizards (D)
  2 adder zombies (D)
  8 orcs (D)
  2 bat skeletons (D)
  A goblin (D)
  2 hobgoblins (D)
  A kobold (D)
  A rat (D)
80 creatures vanquished.

Vanquished Creatures (collateral kills)
  2 orc high priests (D)
  A lindwurm (D)
  A tyrant leech (D)
  2 orc priests (D)
  3 worms (D)
9 creatures vanquished.

Grand Total: 89 creatures vanquished

Notes
Turn   | Place    | Note
-------+----------+-------------------------------------------
     0 | D        | emperorscorpion the Naga Berserker began the quest for the Orb.
     0 | D        | Reached XP level 1. HP: 21/21 MP: 1/1
    15 | D        | Reached ** piety under Trog
   183 | D        | Noticed a centaur
   185 | D        | Reached skill level 4 in Polearms
   185 | D        | Reached XP level 2. HP: 30/30 MP: 2/2
   186 | D        | Reached *** piety under Trog
   188 | D        | Killed a centaur
   188 | D        | Reached skill level 5 in Fighting
   188 | D        | Reached skill level 6 in Polearms
   188 | D        | Reached XP level 3. HP: 40/40 MP: 3/3
   188 | D        | Reached XP level 4. HP: 48/48 MP: 4/4
   202 | D        | Found a roughly hewn altar of Beogh.
   202 | D        | Found a snail-covered altar of Cheibriados.
   202 | D        | Found a shadowy altar of Dithmenos.
   202 | D        | Found a white marble altar of Elyvilon.
   202 | D        | Found a blossoming altar of Fedhas.
   202 | D        | Found an opulent altar of Gozag.
   203 | D        | Found a hazy altar of Hepliaklqana.
   204 | D        | Found a viscous altar of Jiyva.
   205 | D        | Found an ancient bone altar of Kikubaaqudgha.
   206 | D        | Found a corrupted altar of Lugonu.
   207 | D        | Found a burning altar of Makhleb.
   208 | D        | Found a sparkling altar of Nemelex Xobeh.
   209 | D        | Found an iron altar of Okawaru.
   210 | D        | Found a stormy altar of Qazlal.
   211 | D        | Found a sacrificial altar of Ru.
   212 | D        | Found a deep blue altar of Sif Muna.
   213 | D        | Found a bloodstained altar of Trog.
   214 | D        | Found a hide-covered altar of Uskayaw.
   215 | D        | Found a radiant altar of Vehumet.
   216 | D        | Found an ornate altar of the Wu Jian Council.
   217 | D        | Found a shimmering altar of Xom.
   218 | D        | Found a basalt altar of Yredelemnul.
   219 | D        | Found a glowing silver altar of Zin.
   220 | D        | Found a glowing golden altar of the Shining One.
   265 | D        | Noticed an unseen horror
   265 | D        | Noticed a bullfrog
   265 | D        | Noticed a sky beast
   265 | D        | Noticed an ice beast
   270 | D        | Killed an ice beast
   270 | D        | Reached **** piety under Trog
   270 | D        | Reached skill level 8 in Polearms
   270 | D        | Reached XP level 5. HP: 56/56 MP: 5/5
   283 | D        | Killed a sky beast
   283 | D        | Reached skill level 9 in Polearms
   283 | D        | Reached XP level 6. HP: 66/66 MP: 6/6
   291 | D        | Reached ***** piety under Trog
   291 | D        | Received a gift from Trog
   291 | D        | Reached skill level 10 in Polearms
   293 | D        | Killed an unseen horror
   293 | D        | Reached skill level 11 in Polearms
   293 | D        | Reached skill level 5 in Dodging
   293 | D        | Reached XP level 7. HP: 76/76 MP: 7/7
   293 | D        | Reached XP level 8. HP: 85/85 MP: 8/8
   330 | D        | Noticed a troll
   340 | D        | Reached skill level 12 in Polearms
   357 | D        | Killed a troll
   357 | D        | Reached skill level 10 in Fighting
   357 | D        | Reached skill level 5 in Armour
   362 | D        | Received a gift from Trog
   362 | D        | Reached skill level 13 in Polearms
   499 | D        | Noticed a hippogriff
   499 | D        | Noticed a hippogriff
   499 | D        | Noticed a hippogriff
   504 | D        | Killed a hippogriff
   508 | D        | Noticed a spiny frog
   509 | D        | Reached XP level 9. HP: 94/94 MP: 9/9
   513 | D        | Received a gift from Trog
   583 | D        | Reached skill level 14 in Polearms
   597 | D        | Killed a spiny frog
   812 | D        | Noticed a five-headed hydra
   812 | D        | Noticed a komodo dragon
   812 | D        | Noticed a komodo dragon
   814 | D        | Reached ****** piety under Trog
   814 | D        | Received a gift from Trog
   817 | D        | Killed a komodo dragon
   817 | D        | Reached skill level 15 in Polearms
   818 | D        | Noticed a spiny frog
   819 | D        | Killed a komodo dragon
   820 | D        | Noticed a polar bear
   825 | D        | Killed a ten-headed hydra
   825 | D        | Reached XP level 10. HP: 37/106 MP: 3/10
  1146 | D        | Killed a spiny frog
  1146 | D        | Received a gift from Trog
  1146 | D        | Reached skill level 16 in Polearms
  1162 | D        | Got a twisted bardiche {god gift}
  1163 | D        | Identified the +3 bardiche of Checkmate {chop, MR+ Str+5 Dex+5} (Trog gifted it to you in the Dungeon)
  1188 | D        | Noticed a lindwurm
  1188 | D        | Noticed a lindwurm
  1199 | D        | Killed a lindwurm
  1209 | D        | Noticed a lindwurm
  1216 | D        | Killed a lindwurm
  1538 | D        | Killed a lindwurm
  1538 | D        | Received a gift from Trog
  1538 | D        | Reached skill level 1 in Stealth
  1591 | D        | Noticed Urug
  1607 | D        | Killed Urug
  1607 | D        | Reached skill level 17 in Polearms
  1607 | D        | Reached XP level 11. HP: 93/116 MP: 11/11
  1645 | D        | Noticed Gastronok
  1657 | D        | Killed Gastronok
  1678 | D        | Noticed Grum
  1683 | D        | Killed Grum
  1683 | D        | Received a gift from Trog
  1738 | D        | Received a gift from Trog
  1776 | D        | Received a gift from Trog
  1809 | D        | Reached skill level 18 in Polearms
  1823 | D        | Noticed an orc knight
  1825 | D        | Received a gift from Trog
  1834 | D        | Killed an orc knight
  1847 | D        | Reached skill level 10 in Armour
  1949 | D        | Found Otiheep's Antique Armour Boutique.
  1949 | D        | Noticed an orc high priest
  1949 | D        | Noticed an orc high priest
  1952 | D        | Received a gift from Trog
  1957 | D        | Noticed an orc high priest
  1959 | D        | Found Wuekuizu's Jewellery Shop.
  1959 | D        | Killed an orc high priest
  1963 | D        | Killed an orc high priest
  1969 | D        | Noticed a sun demon
  1980 | D        | HP: 1/118 [orc priest/divine providence (12)]
  1983 | D        | Noticed a soul eater
  1986 | D        | HP: 2/118 [soul eater/drain life[an orc high priest] (15)]
  1990 | D        | Killed an orc high priest
  2319 | D        | Found Dische Refao's Magic Scroll Boutique.
  2321 | D        | Noticed an orc high priest
  2322 | D        | Found Ciefyar's Food Shop.
  2323 | D        | Noticed a sixfirhy
  2323 | D        | Noticed an orc high priest
  2326 | D        | Noticed an orc high priest
  2328 | D        | Noticed a soul eater
  2331 | D        | Killed an orc high priest
  2331 | D        | Reached skill level 19 in Polearms
  2332 | D        | Noticed an orc high priest
  2335 | D        | Noticed an orc high priest
  2343 | D        | Received a gift from Trog
  2344 | D        | Noticed a sun demon
  2345 | D        | Noticed a sixfirhy
  2362 | D        | Slain by an ice devil

Vault maps used:
D:        linesprint

Skill      XL: |  1  2  3  4  5  6  7  8  9 10 11 |
---------------+----------------------------------+-----
Polearms       | 4 6 8 9 11 13 15 17 19 | 19.1
Dodging        | 3 4 5 6 7 8 |  8.9
Fighting       | 5 6 7 9 10 11 12 14 | 14.1
Armour         | 2 3 4 5 7 9 10 | 10.2
Stealth        | 1 3 |  3.0
Evocations     | |  0.5

Action                   |  1- 3 |  4- 6 |  7- 9 | 10-12 || total
-------------------------+-------+-------+-------+-------++-------
Melee: Spear             |    18 |     7 |       |       ||    25
       Halberd           |       |    27 |    51 |       ||    78
       Glaive            |       |       |    30 |    45 ||    75
       Bardiche          |       |       |       |   141 ||   141
Invok: Berserk           |     2 |     1 |     4 |     5 ||    12
       Brothers in Arms  |       |       |       |     5 ||     5
       Trog's Hand       |       |       |       |     1 ||     1
Evoke: Wand              |       |       |       |     3 ||     3
  Use: Scroll            |       |       |       |     3 ||     3
       Potion            |       |       |       |     2 ||     2
  Eat: Chunk             |       |       |     5 |     8 ||    13
       Ration            |       |       |       |     2 ||     2
Armor: Animal skin       |     1 |     1 |       |       ||     2
       Scale mail        |       |    13 |    22 |    42 ||    77
Dodge: Dodged            |     4 |    13 |    37 |    68 ||   122

Table legend:
 A = Spawn XP
 B = Non-spawn XP
 C = Spawn XP percentage of total XP
 D = Spawn monster count
 E = Non-spawn monster count
 F = Spawn count percentage of total count
 G = Total turns spent on level
                    A         B        C        D         E        F      G
               +---------+---------+-------+---------+---------+-------+---------
         Total |       0 |   17234 |   0.0 |       0 |      89 |   0.0 |  2362
               +---------+---------+-------+---------+---------+-------+---------
             D |       0 |   17234 |   0.0 |       0 |      89 |   0.0 |  2362
               +---------+---------+-------+---------+---------+-------+---------
